 Dungeon Crawl Stone Soup version 0.31-a0-233-g139696dc86 (webtiles) character file.

Game seed: 11493866166275679565

177 qw the Shooter (level 5, -4/30 HPs)
             Began as a Gargoyle Hexslinger on July 7, 2023.
             Slain by Sigmund
             ... wielding a +0 scythe
              (7 damage)
             ... on level 3 of the Dungeon.
             The game lasted 00:00:49 (1896 turns).

qw the Shooter (Gargoyle Hexslinger)                Turns: 1896, Time: 00:00:50

Health: -4/30      AC: 11    Str: 12    XL:     5   Next: 57%
Magic:  6/6        EV: 10    Int: 13    God:
Gold:   97         SH:  0    Dex: 14    Spells: 5/6 levels left

rFire   . . .        Y - +1 sling
rCold   . . .        (no shield)
rNeg    + . .        d - +0 ring mail
rPois   inf          (no helmet)
rElec   +            e - +0 cloak
rCorr   .            (no gloves)
SInv    .            f - +0 pair of boots
Will    .....        (no amulet)
Stlth   +            (no ring)
HPRegen 0.25/turn    (no ring)
MPRegen 0.10/turn

%: no passive effects
@: no status effects
A: sickness immunity, AC +4, negative energy resistance 1, electricity
resistance, torment resistance 1, petrification resistance
a: no special abilities


You were on level 3 of the Dungeon.
You visited 1 branch of the dungeon, and saw 3 of its levels.

You collected 97 gold pieces.


Innate Abilities, Weirdness & Mutations

You are immune to sickness and miasma.
Your stone body is resilient. (AC +4)
You are immune to poison.
You resist negative energy. (rN+)
You are resistant to electric shocks. (rElec)
You are resistant to unholy torment.
You are immune to petrification.


   Skills:
 + Level 2.2 Fighting
 - Level 5.1 Ranged Weapons
 - Level 1.1 Armour
 - Level 1.5 Dodging
 - Level 1.0 Spellcasting
 - Level 2.6 Hexes


You had 5 spell levels left.
You knew the following spells:

 Your Spells              Type           Power      Damage    Failure   Level
a - Slow                  Hex            28%        N/A       22%         1

Your spell library contained the following spells:

 Spells                   Type           Power      Damage    Failure   Level
 Inner Flame              Hex/Fire       4%         N/A       73%         3
 Portal Projectile        Hex/Tloc       8%         N/A       73%         3
 Cause Fear               Hex            3%         N/A       91%         4

Inventory:

Hand Weapons
 Y - a +1 sling (weapon)
Armour
 d - a +0 ring mail (worn)
 e - a +0 cloak (worn)
 f - a +0 pair of boots (worn)
Potions
 c - a potion of might {unknown}
 i - a potion of brilliance
 j - a potion of haste {unknown}

Dungeon Overview and Level Annotations

Branches:
Dungeon (3/15)

Altars:
Makhleb
Yredelemnul

Shops:
D:2 (

Annotations:
D:3 Sigmund


Message History

You kill the scorpion!
Sigmund mumbles some strange words.
Sigmund flickers and vanishes!
Deactivating autopickup; reactivate with Ctrl-A.
Something hits you but does no damage. The adder closely misses you.
Your Ranged Weapons skill increases to level 5!
You have reached level 5!
You shoot a sling bullet.
The sling bullet closely misses the adder.
The adder misses you.
You shoot a sling bullet. The sling bullet misses the adder.
The adder bites you but does no damage. Something hits you.
The adder bites you but does no damage.
You shoot a sling bullet. The sling bullet misses the adder.
The adder bites you. Something hits you but does no damage.
The adder barely misses you.
You shoot a sling bullet. The sling bullet hits the adder.
The adder is almost dead.
The adder closely misses you. Something hits you but does no damage.
You shoot a sling bullet.
The sling bullet barely misses the adder.
The sling bullet closely misses the goblin.
The adder bites you but does no damage. Something hits you but does no damage.
The adder bites you but does no damage.
You shoot a sling bullet. The sling bullet hits the adder.
You kill the adder!
Something hits you!
You shoot a sling bullet.
The sling bullet closely misses the goblin.
The goblin hits you but does no damage.
You shoot a sling bullet. The sling bullet hits the goblin.
The goblin is moderately wounded.
Something hits you but does no damage. The goblin closely misses you.
The goblin barely misses you.
You shoot a sling bullet. The sling bullet hits the goblin!
You kill the goblin!
Something hits you.
You shoot a sling bullet. Something hits you!
You die...

.###.##.####.#.###
.....##.####.#.## .....S<
................# ..@....
.#...(.......#..##.......
.([..........#...........
...#########.#..##.......
.>.# #.........# .......
...# #.####.#.###{......
...####.####....@).....(.
......%......#.###.######
..####..##.)...# .# ..#
#..######.# .. ..####..#
#.# ... ........# #.#
.... ..####.## #.. .....
.......# ### ......
%....###########


There were no monsters in sight!

Vanquished Creatures
  A scorpion (D:3)
  6 adders
  2 worms (D:2)
  A dart slug (D:2)
  7 ball pythons
  4 bats
  8 endoplasms
  3 giant cockroaches
  4 goblins
  8 hobgoblins
  4 kobolds
  3 quokkas
  3 frilled lizards
  2 rats (D:1)
56 creatures vanquished.

Notes
Turn   | Place    | Note
-------+----------+-------------------------------------------
     0 | D:1      | qw the Gargoyle Hexslinger began the quest for the Orb.
     0 | D:1      | Reached XP level 1. HP: 12/12 MP: 2/2
     0 | D:1      | 0 ||| qw: Version: 0.3-a-46-gb1f654a
     0 | D:1      | 0 ||| qw: Game counter: 3052
     0 | D:1      | 0 ||| qw: Melee chars always use a shield: true
     0 | D:1      | 0 ||| qw: God list: Okawaru
     0 | D:1      | 0 ||| qw: Allow faded altars: false
     0 | D:1      | 0 ||| qw: Do Orc after clearing Dungeon:15 true
     0 | D:1      | 0 ||| qw: Do second Lair branch before Depths: true
     0 | D:1      | 0 ||| qw: Lair rune preference: random
     0 | D:1      | 0 ||| qw: Goals: Normal
     0 | D:1      | 0 ||| PLANNING D:1-11
   153 | D:1      | Reached XP level 2. HP: 16/16 MP: 3/3
   270 | D:1      | Reached skill level 3 in Ranged Weapons
   539 | D:1      | 539 ||| UPGRADING to +0 ring mail.
   549 | D:1      | 549 ||| DROPPING +0 robe.
   550 | D:1      | 550 ||| UPGRADING to +0 cloak.
   555 | D:1      | 555 ||| UPGRADING to +0 pair of boots.
   560 | D:1      | 560 ||| READING 2 scrolls labelled FICEAT EMAORA.
   561 | D:1      | 561 ||| DRINKING 2 puce potions.
   566 | D:1      | 566 ||| DROPPING scroll of vulnerability.
   567 | D:1      | 567 ||| DROPPING scroll of poison.
   568 | D:1      | 568 ||| DROPPING potion of ambrosia.
   585 | D:2      | Reached XP level 3. HP: 21/21 MP: 4/4
   618 | D:2      | Reached skill level 1 in Armour
   719 | D:2      | Found a basalt altar of Yredelemnul.
   900 | D:2      | Reached XP level 4. HP: 26/26 MP: 5/5
   967 | D:2      | Reached skill level 4 in Ranged Weapons
  1407 | D:2      | Found Ziv Emul's Antique Weapon Shoppe.
  1625 | D:2      | 1625 ||| READING scroll labelled RUKIMYM NIUWE.
  1626 | D:2      | 1626 ||| READING scroll labelled RUENITE TOSK.
  1800 | D:3      | Found a burning altar of Makhleb.
  1876 | D:3      | Noticed Sigmund
  1876 | D:3      | Noticed a scorpion
  1878 | D:3      | 1878 ||| Stepping ~*~*~tactically~*~*~ (outnumbered).
  1886 | D:3      | Killed a scorpion
  1887 | D:3      | Reached skill level 5 in Ranged Weapons
  1887 | D:3      | Reached XP level 5. HP: 15/30 MP: 6/6
  1892 | D:3      | HP: 3/30 [something (7)]
  1896 | D:3      | Slain by Sigmund

Levels and vault maps discovered:
D:1:      dpeg_arrival_orchard, layout_basic, minmay_box_of_dots
D:2:      layout_basic, serial_shops, nicolae_shop_pleasant_corner_grove,
          basic_altar
D:3:      layout_basic, nicolae_overflow_hidden_temple, uniq_sigmund

Skill      XL: |  1  2  3  4 |
---------------+-------------+-----
Ranged Weapons | 3 5 |  5.1
Fighting       | 2 |  2.2
Armour         | 1 |  1.1
Dodging        | |  1.5
Spellcasting   | |  1.0
Hexes          | |  2.6

Action                     |  1- 3 |  4- 6 || total
---------------------------+-------+-------++-------
   Fire: Sling             |   106 |   114 ||   220
    Use: Scroll            |     1 |     2 ||     3
         Potion            |     1 |       ||     1
 Armour: Robe              |     8 |       ||     8
         Ring mail         |    19 |    49 ||    68
  Dodge: Dodged            |    21 |    45 ||    66

Table legend:
 A = Non-vault XP
 B = Vault XP
 C = Vault XP percentage of total XP
 D = Non-vault monster count
 E = Vault monster count
 F = Vault count percentage of total count
                 A         B        C        D         E       F
            +---------+---------+-------+---------+---------+-------
      Total |     246 |       7 |   2.8 |      52 |       4 |   7.1
            +---------+---------+-------+---------+---------+-------
        D:1 |      23 |       7 |  23.3 |      14 |       4 |  22.2
        D:2 |     103 |       0 |   0.0 |      27 |       0 |   0.0
        D:3 |     120 |       0 |   0.0 |      11 |       0 |   0.0
            +---------+---------+-------+---------+---------+-------
